 Dungeon Crawl Stone Soup version 0.32-a0-886-g41c5271027 (webtiles) character file.

Game seed: 5922451559122337637

37 Lanoc the Shooter (level 3, 28/28 HPs)
             Began as a Coglin Hunter on Apr 2, 2024.
             Was a Follower of Wu Jian.
             Got out of the dungeon alive.
             The game lasted 00:01:13 (1271 turns).

Lanoc the Shooter (Coglin Hunter)                   Turns: 1271, Time: 00:01:14

Health: 28/28      AC:  3    Str: 11    XL:     3   Next: 41%
Magic:  3/3        EV: 11    Int:  8    God:    Wu Jian [*.....]
Gold:   90         SH:  0    Dex: 19    Spells: 2/2 levels left

rFire   . . .        a - +2 sling {Kulveer}
rCold   . . .        d - +0 sling {Xue}
rNeg    . . .        c - +0 leather armour
rPois   .            (no helmet)
rElec   .            (no cloak)
rCorr   .            (no gloves)
SInv    .            (no boots)
Will    .....        (amulet unavailable)
Stlth   ++           (ring unavailable)
HPRegen 0.24/turn    (ring unavailable)
MPRegen 0.08/turn    (no gizmo)

%: no passive effects
@: no status effects
A: off-hand wielding, slow wielding, warmup strikes, no jewellery
a: Invent Gizmo, Renounce Religion


You escaped.
You worshipped Wu Jian.
Wu Jian was aware of your devotion.
You visited 1 branch of the dungeon, and saw 2 of its levels.

You collected 90 gold pieces.

Inventory:

Hand Weapons
 a - a +2 sling (weapon) {Kulveer}
 d - a +0 sling (offhand) {Xue}
Armour
 c - a +0 leather armour (worn)
Scrolls
 b - a scroll of butterflies
 f - 4 scrolls of identify {unknown}
 g - 2 scrolls of noise {unknown}
 i - 2 scrolls of teleportation {unknown}
 l - a scroll of immolation {unknown}
Potions
 e - a potion of cancellation {unknown}
 h - a potion of degeneration {unknown}
 j - a potion of brilliance {unknown}
 k - a potion of berserk rage {unknown}


   Skills:
 + Level 2.5 Fighting
 * Level 4.2 Ranged Weapons
 + Level 2.2 Dodging
 - Level 0.7 Stealth


You had 2 spell levels left.
You didn't know any spells.
Your spell library contained the following spells:

 Spells                   Type           Power      Damage    Failure   Level
 Blink                    Tloc           0%         N/A       65%         2
 Lesser Beckoning         Tloc           0%         N/A       65%         2
 Momentum Strike          Conj/Tloc      0%         3d8       65%         2


Dungeon Overview and Level Annotations

Branches:
Dungeon (2/15)

Altars:
Wu Jian

Shops:
D:2 =


Innate Abilities, Weirdness & Mutations

You can wield a second weapon in your off-hand.
It takes a long time for you to wield or remove held weapons.
Your first few attacks do less damage.
You cannot equip rings or amulets.


Message History

Found an escape hatch in the ceiling.
There is an open door here.
You open the door.
There is an open door here.
Found a chain mail.
No target in view!
Found a stone staircase leading up.
There is an open door here.
You enter the shallow water.
Moving in this stuff is going to be slow.
You enter the shallow water.
Moving in this stuff is going to be slow.
Found a faded altar of an unknown god.
No target in view!
You enter the shallow water.
Moving in this stuff is going to be slow.
There is a faded altar of an unknown god here.
This altar belongs to (a) Qazlal, (b) Wu Jian or (c) Ignis, but you can't tell which.
Press the corresponding letter to learn more about a god, or press enter to convert or escape to cancel.
Wu Jian accepts your prayer! The Council welcomes you!
You can now perform damaging attacks by moving towards foes.
You can now lightly attack monsters by moving around them.
You enter the shallow water.
Moving in this stuff is going to be slow.
You enter the shallow water.
Moving in this stuff is going to be slow.
You enter the shallow water.
Moving in this stuff is going to be slow.
There is an open door here.
There is an escape hatch in the ceiling here.
A mysterious force pulls you upwards. The hatch slams shut behind you.
You see here a ball python skeleton.
You enter the shallow water.
Moving in this stuff is going to be slow.
There is a large open door here.
There is a fountain of clear blue water here.
There is a large open door here.
There is a staircase leading out of the dungeon here.
Unknown command.
You have escaped!

.....~~~~~~~~~~~~~≈≈~~~~~~~~.....
.....~≈≈≈≈≈≈≈≈≈~≈≈≈≈≈≈≈≈≈≈≈≈.....
.#...≈≈≈≈≈≈≈≈≈≈≈≈≈≈≈≈≈≈≈≈≈≈≈.....
.#...≈≈≈#+#'#≈≈≈≈≈≈≈#'#'#≈≈~.....
.#...~~≈'(..##'###'##...'≈~~.....
.#...≈≈≈'...#.......#...'≈≈~.....
.#...~~≈#'#'#.#####.###'#≈≈~.....
......~≈≈≈#...#...#...'≈≈≈≈≈.....
#...⌠..~≈~'.⌠.'.@.###.#≈≈≈≈~....#
##..⌠..~~~'.⌠.'...###.#≈≈≈≈~....#
#....~~≈≈#...#...#...'≈≈≈≈~....#
#...~~≈#+###.#####.###'#≈≈~....#
##...~≈≈'...'.......'...'≈≈≈....#
.#...~≈≈'>..##'###+##...'≈≈~....#
.#...~~≈#+#'#≈≈≈≈≈≈≈#+#'#≈≈~.....
.#...~≈≈≈≈≈≈≈≈≈≈≈≈≈≈≈≈≈≈≈≈≈~...#.
##...≈≈≈≈≈≈≈≈≈≈≈≈≈≈≈≈≈≈≈≈≈≈≈...#.


There were no monsters in sight!

Vanquished Creatures
  2 endoplasms (D:1)
  3 giant cockroaches
  5 goblins
  4 hobgoblins
  4 kobolds
  6 ball pythons
  2 bats
  3 frilled lizards (D:1)
  3 rats (D:2)
32 creatures vanquished.

Notes
Turn   | Place    | Note
-------+----------+-------------------------------------------
     0 | D:1      | Lanoc the Coglin Hunter began the quest for the Orb.
     0 | D:1      | Reached XP level 1. HP: 16/16 MP: 1/1
   178 | D:1      | Reached XP level 2. HP: 22/22 MP: 2/2
   361 | D:1      | Reached skill level 4 in Ranged Weapons
   710 | D:2      | Reached XP level 3. HP: 28/28 MP: 3/3
   862 | D:2      | Found Gydiergh's One-of-a-Kind Rings.
  1179 | D:2      | Found a faded altar of an unknown god.
  1186 | D:2      | Prayed at the altar of an unknown god.
  1186 | D:2      | Became a worshipper of the Wu Jian Council
  1186 | D:2      | Reached * piety under Wu Jian
  1271 | D:$      | Got out of the dungeon alive.

Illustrated notes

Levels and vault maps discovered:
D:1:      dpeg_arrival_castle, layout_basic, minmay_misc_feat_chi
D:2:      layout_loops_corners, shapermc_ecumenical_altar_hornbeckon,
          nicolae_shop_unique_rings, solitary_fountain, feat_on_display

Skill      XL: |  1  2 |
---------------+-------+-----
Dodging        | 2 |  2.2
Ranged Weapons | 4 |  4.2
Fighting       | |  2.5
Stealth        | |  0.7

Action                     || total
---------------------------++-------
   Fire: Sling             ||   106
 Armour: Leather armour    ||     8
  Dodge: Dodged            ||     2

Table legend: (Time is in decaauts)
 A = Elapsed time spent in this place.
 B = Non-inter-level travel time spent in this place.
 C = Inter-level travel time spent in this place.
 D = Time resting spent in this place.
 E = Time spent auto-exploring this place.
 F = Levels seen in this place.
 G = Mean time per level.
                   A        B        C        D        E       F      G
               +--------+--------+--------+--------+--------+-----+--------+
         Total |   1298 |   1163 |    135 |      0 |   1019 |   2 |  649.0 |
       Dungeon |   1298 |   1163 |    135 |      0 |   1019 |   2 |  649.0 |
               +--------+--------+--------+--------+--------+-----+--------+

Top non-repeatable levels by time:
     D:1: 774 daAuts
     D:2: 524 daAuts
